 Dungeon Crawl Stone Soup version 0.28.0 (webtiles) character file.

Game seed: 14323456205405306207

71 Host24 the Bolt Thrower (level 4, 0/28 HPs)
             Began as a Kobold Hunter on Feb 20, 2022.
             Slain by an orc wizard (3 damage)
             ... on level 3 of the Dungeon.
             The game lasted 00:02:43 (2366 turns).

Host24 the Bolt Thrower (Kobold Hunter)             Turns: 2366, Time: 00:02:44

Health: 0/28       AC:  3    Str: 11    XL:     4   Next: 47%
Magic:  4/4        EV: 14    Int: 12    God:
Gold:   112        SH:  0    Dex: 15    Spells: 3/3 levels left

rFire   . . .      SeeInvis .   a - +1 hand crossbow
rCold   . . .      Faith    .   (no shield)
rNeg    . . .      Spirit   .   c - +0 leather armour
rPois   .          Reflect  .   (no helmet)
rElec   .          Harm     .   (no cloak)
rCorr   .          Rampage  .   (no gloves)
Will    .....                   (no boots)
Stlth   ++........              (no amulet)
HPRegen 0.09/turn               (no ring)
MPRegen 0.09/turn               (no ring)

@: confused
A: small, no large weapons, nightstalker 3
a: no special abilities


You were on level 3 of the Dungeon.
You visited 1 branch of the dungeon, and saw 3 of its levels.

You collected 112 gold pieces.

Inventory:

Hand Weapons
 a - a +1 hand crossbow (weapon)
 b - a +0 short sword
Missiles
 d - 38 bolts (quivered ammo)
 j - 22 stones
 n - 20 sling bullets
Armour
 c - a +0 leather armour (worn)
Scrolls
 e - a scroll of holy word {unknown}
 g - a scroll of amnesia {unknown}
 i - a scroll of noise {unknown}
 k - a scroll of enchant weapon {unknown}
 o - a scroll of blinking {unknown}
Potions
 f - a potion of curing {unknown}
 h - a potion of invisibility {unknown}
 l - a potion of magic {unknown}
 m - a potion of haste {unknown}
 p - a potion of attraction {unknown}


   Skills:
 - Level 3.0 Fighting
 + Level 6.1 Crossbows
 - Level 3.0 Dodging
 - Level 1.3 Stealth


You had 3 spell levels left.
You didn't know any spells.
Your spell library was empty.

Dungeon Overview and Level Annotations

Branches:
Dungeon (3/15)

Altars:


Innate Abilities, Weirdness & Mutations

You are small and have problems with some larger weapons.
You are completely attuned to the shadows.


Message History

Aim: an orc priest, wielding a +0 dagger (67% to hit)
You shoot a bolt.
The bolt hits the orc priest but does no damage.
The quokka bites you but does no damage.
The goblin misses you.
The quokka bites you but does no damage.
Fire: 42 bolts
Press: ? - help, Q - select action, (/) - cycle Shift-Dir - straight line, f/p - orc priest
Aim: an orc priest, wielding a +0 dagger (67% to hit)
You shoot a bolt. The bolt hits the orc priest.
The orc priest is heavily wounded.
The goblin misses you. The orc priest barely misses you. The quokka misses you.
Fire: 41 bolts
Press: ? - help, Q - select action, (/) - cycle Shift-Dir - straight line, f/p - orc priest
Aim: an orc priest, wielding a +0 dagger (heavily wounded, 67% to hit)
You shoot a bolt. The bolt barely misses the orc priest.
The orc priest hits you but does no damage.
The goblin barely misses you. The quokka barely misses you.
You hear some strange, mumbled words.
A magic dart appears from out of thin air!
The magic dart hits you!
* * * LOW HITPOINT WARNING * * *
The goblin hits you with a +0 club.
* * * LOW HITPOINT WARNING * * *
The orc priest barely misses you.
Fire: 40 bolts
Press: ? - help, Q - select action, (/) - cycle Shift-Dir - straight line, f/p - orc priest
Aim: an orc priest, wielding a +0 dagger (heavily wounded, 67% to hit)
You shoot a bolt. The bolt barely misses the orc priest.
The quokka misses you.
You hear some strange, mumbled words.
You are confused.
The quokka barely misses you. The goblin hits you but does no damage.
The orc priest hits you with a +0 dagger.
* * * LOW HITPOINT WARNING * * *
Non-targeted confused fire: 39 bolts
Press: ? - help, Q - select action, (/) - cycle Dir - look around, f - activate You shoot a bolt.
Something hits you.
You die...

#.....########.####
...................
.......#...###.####
.......#.#.# #.#
..(..##.#.###.#..
................#
............####
#..g.r......#
(.(o@#..#####
###{(...# #.(.###
#.#.# #. .#


You could see an orc priest, a quokka and a goblin.

Vanquished Creatures
  An orc priest (D:3)
  A worm (D:2)
  3 dart slugs
  4 bats
  An endoplasm (D:1)
  6 giant cockroaches
  3 goblins
  2 kobolds
  A quokka (D:2)
  3 ball pythons
  2 frilled lizards (D:2)
  3 rats
30 creatures vanquished.

Notes
Turn   | Place    | Note
-------+----------+-------------------------------------------
     0 | D:1      | Host24 the Kobold Hunter began the quest for the Orb.
     0 | D:1      | Reached XP level 1. HP: 12/12 MP: 1/1
    31 | D:1      | Reached skill level 5 in Crossbows
   268 | D:1      | Reached XP level 2. HP: 11/18 MP: 2/2
  1186 | D:2      | Reached XP level 3. HP: 23/23 MP: 3/3
  2138 | D:2      | Found a faded altar of an unknown god.
  2361 | D:3      | Reached skill level 6 in Crossbows
  2361 | D:3      | Reached XP level 4. HP: 13/28 MP: 4/4
  2366 | D:3      | Slain by an orc wizard

Illustrated notes

Levels and vault maps discovered:
D:1:      ebering_trefoil_twist, layout_basic
D:2:      layout_basic, ebering_ecumenical_altar_rust
D:3:      layout_loops_ring, nicolae_grassy_gnolls

Skill      XL: |  1  2  3 |
---------------+----------+-----
Crossbows      | 5 6 |  6.1
Fighting       | 3 |  3.0
Dodging        | 3 |  3.0
Stealth        | |  1.3

Action                   |  1- 3 |  4- 6 || total
-------------------------+-------+-------++-------
Melee: Short sword       |   109 |       ||   109
       Punch             |     1 |       ||     1
 Fire: Hand crossbow     |     6 |     6 ||    12
 Stab: Sleeping          |    18 |       ||    18
Armor: Leather armour    |    26 |     4 ||    30
Dodge: Dodged            |    86 |    11 ||    97
